| TOP OF THE 1ST |
|
Jackson Generals batting - Pitching for New Hampshire Fisher Cats : LHP Jon Valdovinos
|
|
Pitching: LHP Jon Valdovinos
|
|
|
Batting: RHB Tomokazu Sugimoto
|
0-0: Ground out 5-3 (Groundball, 56S, EV 68.1 MPH)
|
|
Batting: RHB Ryan Criollo
|
0-0: Called Strike 0-1: Ball 1-1: Ball 2-1: Ball 3-1: Ground out 6-3 (Groundball, 6MS, EV 88.8 MPH)
|
|
Batting: RHB Mike Conaway
|
0-0: DOUBLE (Line Drive, 9LM, EV 105.0 MPH)
|
|
Batting: RHB Adan Lake
|
0-0: Called Strike 0-1: Ball 1-1: Foul Ball, location: 2F 1-2: Foul Ball, location: 2F 1-2: Strikes out swinging
|
| Top of the 1st over - 0 runs, 1 hit, 0 errors, 1 left on base; Jackson 0 - New Hampshire 0 |
| BOTTOM OF THE 1ST |
|
New Hampshire Fisher Cats batting - Pitching for Jackson Generals : RHP Frank Kats
|
|
Pitching: RHP Frank Kats
|
|
|
Batting: RHB Tokuji Kawabata
|
0-0: Swinging Strike 0-1: Ball 1-1: Foul Ball, location: 2F 1-2: Strikes out swinging
|
|
Batting: RHB Justin Powell
|
0-0: Called Strike 0-1: Fly out, F8 (Line Drive, 8RD, EV 95.0 MPH)
|
|
Batting: RHB Kai Stoyle
|
0-0: Ball 1-0: Ball 2-0: Ball 3-0: Base on Balls
|
|
Batting: LHB Rodrigo Briceno
|
0-0: Ball Kai Stoyle is caught stealing 2nd base 2-6
|
| Bottom of the 1st over - 0 runs, 0 hits, 0 errors, 0 left on base; Jackson 0 - New Hampshire 0 |
| TOP OF THE 2ND |
|
Jackson Generals batting - Pitching for New Hampshire Fisher Cats : LHP Jon Valdovinos
|
|
Batting: RHB Hideo Okimura
|
0-0: Called Strike 0-1: Foul Ball, location: 2F 0-2: Foul Ball, location: 2F 0-2: Ball 1-2: Ground out 4-3 (Groundball, 4, EV 97.5 MPH)
|
|
Batting: RHB Egidius Kruger
|
0-0: Ball 1-0: Ground out 5-3 (Groundball, 56, EV 110.0 MPH)
|
|
Batting: SHB Brendan Bundy
|
0-0: Called Strike 0-1: Ball 1-1: SINGLE (Line Drive, 7S, EV 103.8 MPH)
|
|
Batting: RHB Ching-hsia Zhang
|
0-0: Called Strike 0-1: Fly out, F8 (Flyball, 8RD, EV 96.2 MPH)
|
| Top of the 2nd over - 0 runs, 1 hit, 0 errors, 1 left on base; Jackson 0 - New Hampshire 0 |
| BOTTOM OF THE 2ND |
|
New Hampshire Fisher Cats batting - Pitching for Jackson Generals : RHP Frank Kats
|
|
Batting: LHB Rodrigo Briceno
|
0-0: Ball 1-0: Ball 2-0: Called Strike 2-1: Called Strike 2-2: Ground out 4-3 (Groundball, 4, EV 102.5 MPH)
|
|
Batting: RHB Bobby Lasaguna
|
0-0: Called Strike 0-1: Ball 1-1: Ball 2-1: Swinging Strike 2-2: Foul Ball, location: 2F 2-2: Ball 3-2: Foul Ball, location: 2F 3-2: Foul Ball, location: 2F 3-2: Base on Balls
|
|
Batting: RHB Selam Chimsima
|
0-0: Ball 1-0: Called Strike Bobby Lasaguna steals 2nd base 1-1: Called Strike Bobby Lasaguna steals 3rd base 1-2: Strikes out swinging
|
|
Batting: LHB Eddie Muniz
|
0-0: Ball 1-0: Called Strike 1-1: Ball 2-1: Called Strike 2-2: Ball 3-2: Ground out 1-3 (Groundball, 34S, EV 70.6 MPH)
|
| Bottom of the 2nd over - 0 runs, 0 hits, 0 errors, 1 left on base; Jackson 0 - New Hampshire 0 |
| TOP OF THE 3RD |
|
Jackson Generals batting - Pitching for New Hampshire Fisher Cats : LHP Jon Valdovinos
|
|
Batting: RHB Justin Colella
|
0-0: Ball 1-0: Foul Ball, location: 2F 1-1: Swinging Strike 1-2: Ground out 5-3 (Groundball, 5L, EV 108.8 MPH)
|
|
Batting: RHB Tomokazu Sugimoto
|
0-0: Ball 1-0: Ground out 4-3 (Groundball, 4, EV 90.0 MPH)
|
|
Batting: RHB Ryan Criollo
|
0-0: Ball 1-0: Fly out, F7 (Line Drive, 7D, EV 99.4 MPH)
|
| Top of the 3rd over - 0 runs, 0 hits, 0 errors, 0 left on base; Jackson 0 - New Hampshire 0 |
| BOTTOM OF THE 3RD |
|
New Hampshire Fisher Cats batting - Pitching for Jackson Generals : RHP Frank Kats
|
|
Batting: RHB Bryan Mattis
|
0-0: Called Strike 0-1: Foul Ball, location: 2F 0-2: Ball 1-2: Ball 2-2: Strikes out swinging
|
|
Batting: RHB Luis Reyes
|
0-0: Foul Ball, location: 2F 0-1: Ball 1-1: Ball 2-1: Ball 3-1: Base on Balls
|
|
Batting: RHB Tokuji Kawabata
|
0-0: Ball 1-0: Reached on error, E5 (Groundball, 5, EV 83.8 MPH) Luis Reyes to second
|
|
Batting: RHB Justin Powell
|
0-0: Called Strike 0-1: Grounds into double play, 4-6-3 (Groundball, 4M, EV 90.6 MPH)
|
| Bottom of the 3rd over - 0 runs, 0 hits, 1 error, 1 left on base; Jackson 0 - New Hampshire 0 |
| TOP OF THE 4TH |
|
Jackson Generals batting - Pitching for New Hampshire Fisher Cats : LHP Jon Valdovinos
|
|
Batting: RHB Mike Conaway
|
0-0: Ball 1-0: Ball 2-0: Foul Ball, location: 2F 2-1: Ball 3-1: Called Strike 3-2: Strikes out looking
|
|
Batting: RHB Adan Lake
|
0-0: Ball 1-0: Foul Ball, location: 2F 1-1: Ball 2-1: Fly out, F2 (Popup, 2RF, EV 90.0 MPH)
|
|
Batting: RHB Hideo Okimura
|
0-0: Foul Ball, location: 2F 0-1: Swinging Strike 0-2: Ball 1-2: Ball 2-2: Fly out, F8 (Flyball, 8RS, EV 80.0 MPH)
|
| Top of the 4th over - 0 runs, 0 hits, 0 errors, 0 left on base; Jackson 0 - New Hampshire 0 |
| BOTTOM OF THE 4TH |
|
New Hampshire Fisher Cats batting - Pitching for Jackson Generals : RHP Frank Kats
|
|
Batting: RHB Kai Stoyle
|
0-0: Ball 1-0: Ball 2-0: Ball 3-0: Base on Balls
|
|
Batting: LHB Rodrigo Briceno
|
0-0: Called Strike 0-1: Called Strike 0-2: Ball 1-2: Ball Pickoff Throw to First - Out! 1-3 2-2: Foul Ball, location: 2F 2-2: SINGLE (Line Drive, 7S, EV 106.9 MPH)
|
|
Batting: RHB Bobby Lasaguna
|
0-0: Ball 1-0: Ball 2-0: Foul Ball, location: 2F 2-1: Ball 3-1: Fly out, F7 (Flyball, 78S, EV 90.0 MPH)
|
|
Batting: RHB Selam Chimsima
|
0-0: Ground out 4-3 (Groundball, 4, EV 100.6 MPH)
|
| Bottom of the 4th over - 0 runs, 1 hit, 0 errors, 1 left on base; Jackson 0 - New Hampshire 0 |
| TOP OF THE 5TH |
|
Jackson Generals batting - Pitching for New Hampshire Fisher Cats : LHP Jon Valdovinos
|
|
Batting: RHB Egidius Kruger
|
0-0: Ball 1-0: Foul Ball, location: 2F 1-1: Ground out 6-3 (Groundball, 6, EV 86.9 MPH)
|
|
Batting: SHB Brendan Bundy
|
0-0: Foul Ball, location: 2F 0-1: Ground out 6-3 (Groundball, 6, EV 84.4 MPH)
|
|
Batting: RHB Ching-hsia Zhang
|
0-0: Ground out 5-3 (Groundball, 56, EV 105.0 MPH)
|
| Top of the 5th over - 0 runs, 0 hits, 0 errors, 0 left on base; Jackson 0 - New Hampshire 0 |
| BOTTOM OF THE 5TH |
|
New Hampshire Fisher Cats batting - Pitching for Jackson Generals : RHP Frank Kats
|
|
Batting: LHB Eddie Muniz
|
0-0: SINGLE (Groundball, 34D, EV 108.1 MPH)
|
|
Batting: RHB Bryan Mattis
|
0-0: Ball 1-0: Swinging Strike 1-1: Called Strike 1-2: Strikes out swinging
|
|
Batting: RHB Luis Reyes
|
0-0: Swinging Strike 0-1: Grounds into double play, 4-6-3 (Groundball, 4, EV 106.2 MPH)
|
| Bottom of the 5th over - 0 runs, 1 hit, 0 errors, 0 left on base; Jackson 0 - New Hampshire 0 |
| TOP OF THE 6TH |
|
Jackson Generals batting - Pitching for New Hampshire Fisher Cats : LHP Jon Valdovinos
|
|
Batting: RHB Justin Colella
|
0-0: Ball 1-0: Called Strike 1-1: Called Strike 1-2: Ball 2-2: Ground out 5-3 (Groundball, 56, EV 92.5 MPH)
|
|
Batting: RHB Tomokazu Sugimoto
|
0-0: Fly out, F7 (Flyball, 78M, EV 88.1 MPH)
|
|
Batting: RHB Ryan Criollo
|
0-0: Called Strike 0-1: Ball 1-1: Swinging Strike 1-2: Ball 2-2: Ground out 5-3 (Groundball, 5, EV 94.4 MPH)
|
| Top of the 6th over - 0 runs, 0 hits, 0 errors, 0 left on base; Jackson 0 - New Hampshire 0 |
| BOTTOM OF THE 6TH |
|
New Hampshire Fisher Cats batting - Pitching for Jackson Generals : RHP Frank Kats
|
|
Batting: RHB Tokuji Kawabata
|
0-0: Ball 1-0: Ball 2-0: Ball 3-0: Base on Balls
|
|
Batting: RHB Justin Powell
|
0-0: Ball 1-0: Ball 2-0: Called Strike 2-1: Swinging Strike 2-2: Ball 3-2: Base on Balls Tokuji Kawabata to second
|
|
Pitching: RHP Raul Lopez
|
|
|
Batting: RHB Kai Stoyle
|
0-0: Ball 1-0: Ball 2-0: Called Strike 2-1: Grounds into double play, 6-4-3 (Groundball, 6, EV 89.4 MPH) Tokuji Kawabata to third
|
|
Batting: LHB Rodrigo Briceno
|
0-0: Called Strike 0-1: Ground out 5-3 (Groundball, 56, EV 108.1 MPH)
|
| Bottom of the 6th over - 0 runs, 0 hits, 0 errors, 1 left on base; Jackson 0 - New Hampshire 0 |
| TOP OF THE 7TH |
|
Jackson Generals batting - Pitching for New Hampshire Fisher Cats : LHP Jon Valdovinos
|
|
Batting: RHB Mike Conaway
|
0-0: Ball 1-0: Foul Ball, location: 2F 1-1: Swinging Strike 1-2: Ground out 4-3 (Groundball, 4, EV 90.0 MPH)
|
|
Batting: RHB Adan Lake
|
0-0: Ball 1-0: Called Strike 1-1: Ball 2-1: Fly out, F9 (Flyball, 89S, EV 88.8 MPH)
|
|
Batting: RHB Hideo Okimura
|
0-0: Swinging Strike 0-1: Swinging Strike 0-2: Fly out, F3 (Line Drive, 34, EV 73.8 MPH)
|
| Top of the 7th over - 0 runs, 0 hits, 0 errors, 0 left on base; Jackson 0 - New Hampshire 0 |
| BOTTOM OF THE 7TH |
|
New Hampshire Fisher Cats batting - Pitching for Jackson Generals : RHP Raul Lopez
|
|
Batting: RHB Bobby Lasaguna
|
0-0: Called Strike 0-1: Ball 1-1: Ball 2-1: Ball 3-1: Base on Balls
|
|
Batting: RHB Selam Chimsima
|
0-0: Called Strike 0-1: Ball 1-1: Ball Bobby Lasaguna steals 2nd base (no throw) 2-1: Foul Ball, location: 2F 2-2: Strikes out swinging
|
|
Batting: LHB Eddie Muniz
|
0-0: Called Strike 0-1: Ball 1-1: Ball Bobby Lasaguna steals 3rd base 2-1: SINGLE (Groundball, 4MD, EV 96.9 MPH) Bobby Lasaguna scores
|
|
Batting: RHB Bryan Mattis
|
0-0: Called Strike 0-1: Ball 1-1: Swinging Strike 1-2: Ball 2-2: Hit by Pitch Eddie Muniz to second
|
|
Batting: RHB Luis Reyes
|
0-0: Fielders Choice at 2nd, 6-4 (Groundball, 56D, EV 98.1 MPH) Eddie Muniz to third
|
|
Batting: RHB Tokuji Kawabata
|
0-0: Fielders Choice at 2nd, 5-4 (Groundball, 56, EV 85.6 MPH)
|
| Bottom of the 7th over - 1 run, 1 hit, 0 errors, 2 left on base; Jackson 0 - New Hampshire 1 |
| TOP OF THE 8TH |
|
Jackson Generals batting - Pitching for New Hampshire Fisher Cats : LHP Jon Valdovinos
|
|
Batting: RHB Egidius Kruger
|
0-0: Called Strike 0-1: Ground out 4-3 (Groundball, 13, EV 94.4 MPH)
|
|
Batting: SHB Brendan Bundy
|
0-0: Ball 1-0: Ball 2-0: Called Strike 2-1: Ground out 5-3 (Groundball, 56, EV 102.5 MPH)
|
|
Batting: RHB Ching-hsia Zhang
|
0-0: Ball 1-0: Fly out, F8 (Flyball, 8LM, EV 85.0 MPH)
|
| Top of the 8th over - 0 runs, 0 hits, 0 errors, 0 left on base; Jackson 0 - New Hampshire 1 |
| BOTTOM OF THE 8TH |
|
New Hampshire Fisher Cats batting - Pitching for Jackson Generals : RHP Raul Lopez
|
|
Pitching: RHP Bill Porter
|
|
|
Batting: RHB Justin Powell
|
0-0: Ground out 6-3 (Groundball, 6MD, EV 86.2 MPH)
|
|
Batting: RHB Kai Stoyle
|
0-0: Foul Ball, location: 2F 0-1: Swinging Strike 0-2: Ball 1-2: Ball 2-2: Foul Ball, location: 2F 2-2: Foul Ball, location: 2F 2-2: Fly out, F6 (Popup, P, EV 75.6 MPH)
|
|
Batting: LHB Rodrigo Briceno
|
0-0: Ball 1-0: Called Strike 1-1: DOUBLE (Flyball, 89XD, EV 93.1 MPH)
|
|
Batting: RHB Bobby Lasaguna
|
0-0: Ball 1-0: Foul Ball, location: 2F 1-1: Ball 2-1: Ball 3-1: Foul Ball, location: 2F 3-2: Foul Ball, location: 2F 3-2: DOUBLE (Groundball, 5L, EV 100.0 MPH) Rodrigo Briceno scores
|
|
Batting: RHB Selam Chimsima
|
0-0: Ball 1-0: Called Strike 1-1: Swinging Strike 1-2: SINGLE (Line Drive, 5D, EV 99.4 MPH) Bobby Lasaguna to third Runner from 3rd tries for Home, SAFE, throw by LF to home
|
|
Batting: LHB Eddie Muniz
|
0-0: Ball 1-0: Ground out U3 (Groundball, 3L, EV 100.0 MPH)
|
| Bottom of the 8th over - 2 runs, 3 hits, 0 errors, 1 left on base; Jackson 0 - New Hampshire 3 |
| TOP OF THE 9TH |
|
Jackson Generals batting - Pitching for New Hampshire Fisher Cats : LHP Jon Valdovinos
|
|
Batting: RHB Justin Colella
|
0-0: Ball 1-0: Ball 2-0: Ball 3-0: Called Strike 3-1: Base on Balls
|
|
Pitching: LHP Mitchel Larson
|
|
|
Batting: RHB Tomokazu Sugimoto
|
0-0: Called Strike 0-1: SINGLE (Groundball, 6MS, EV 75.6 MPH) (infield hit) Justin Colella to second
|
|
Batting: RHB Ryan Criollo
|
0-0: Foul Ball, location: 2F 0-1: Ball 1-1: Grounds into double play, 4-6-3 (Groundball, 4, EV 109.4 MPH) Justin Colella to third
|
|
Batting: RHB Mike Conaway
|
0-0: Ball 1-0: Called Strike 1-1: Ground out 6-3 (Groundball, 6, EV 91.2 MPH)
|
| Top of the 9th over - 0 runs, 1 hit, 0 errors, 1 left on base; Jackson 0 - New Hampshire 3 |
|